AoeStats
← 一兵不出真君

Arabia

504978255Analyzed
1v1 RM · 25d ago on Sep 7, 2026· 43m 37s· 2 players
Game mode
Random Map
Map size
Tiny (2 player)
Population
200
Speed
Normal
Resources
Standard
Victory
Conquest
Starting age
Dark Age
Ending age
Imperial Age
RankedLock teamsTeams togetherTeam positionsShared explorationLock speedFull tech treeHidden civsTurbo modeCheats
Victory
Defeat
🇨🇳 Byzantines · China
1891
+11
🇹🇼 Khitans · Taiwan
1783
-11
Wuyen
6:05 Loom
8:51 Feudal Age
9:34 Double-Bit Axe
11:54 Wheelbarrow
12:11 Domestication
17:59 Fletching
18:47 Padded Archer Armor
21:29 Castle Age
22:13 Bodkin Arrow
23:07 Bow Saw
23:31 Pastoralism
27:23 Town Watch
28:26 Heavy Cavalry Archer
31:05 Scale Barding Armor
31:17 Light Cavalry
32:48 Husbandry
33:14 Chain Barding Armor
37:10 Imperial Age
36:09 Thumb Ring
37:03 Forging
37:35 Scale Mail Armor
37:54 Bracer
38:18 Conscription
37:36 Hussar
39:50 Iron Casting
40:21 Parthian Tactics
40:24 Ballistics
41:21 Hand Cart
42:15 Plate Barding Armor
一兵不出真君
6:51 Loom
9:01 Feudal Age
12:53 Fletching
15:39 Double-Bit Axe
20:20 Castle Age
21:10 Horse Collar
21:46 Bow Saw
21:45 Scale Barding Armor
25:46 Elite Skirmisher
26:31 Padded Archer Armor
28:43 Ballistics
28:32 Bodkin Arrow
29:47 Gold Mining
32:49 Wheelbarrow
35:17 Imperial Age
32:43 Pikeman
33:25 Scale Mail Armor
34:16 Squires
34:32 Chain Mail Armor
35:18 Leather Archer Armor
35:14 Forging
35:29 Halberdier
37:47 Chemistry
38:16 Plate Mail Armor
38:13 Bracer
39:18 Ring Archer Armor
39:25 Husbandry
38:45 Light Cavalry
39:48 Hussar
42:05 Iron Casting
41:26 Capped Ram
42:57 Chain Barding Armor
44:15 Plate Barding Armor
Connection lost

Rejoining the realm…

Still unreachable

The connection could not be restored.

Session expired

The server has moved on; the page needs a fresh start.